[Event "Titled Tuesday Blitz June 27 Early 2023"]
[White "NLLO777"]
[Black "Liu, Xiangyi"]
[BlackFideId "8605718"]
[WhiteElo "2476"]
[BlackElo "2714"]
[Result "0-1"]
[Round "9"]
[TimeControl "180+2"]
[Date "2023.06.27"]
[WhiteClock "0:00:03"]
[BlackClock "0:00:05"]
[Board "90"]

1. d4 c5 2. d5 e6 3. e4 Nf6 4. Nc3 d6 5. Nf3 Be7 6. Bc4 e5 7. h3 O-O 8. O-O Na6 9. Re1 Nc7 10. Bf1 a6 11. a4 b6 12. Bg5 Rb8 13. b3 Nfe8 14. Be3 g6 15. Nd2 f5 16. f3 f4 17. Bf2 Bh4 18. Qe2 h5 19. Nc4 Bxf2+ 20. Qxf2 g5 21. Be2 Rf7 22. a5 b5 23. Nb6 Nf6 24. Na2 Na8 25. Nxc8 Qxc8 26. b4 c4 27. Nc3 Nc7 28. Kf1 g4 29. hxg4 hxg4 30. Qh4 Rh7 31. Qg5+ Kf7 32. fxg4 Qh8 33. Kf2 Rg8 34. Qf5 Rh2 35. Bf3 Qh4+ 36. Ke2 Qg3 37. Rg1 Ke7 38. Raf1 Nxg4 39. Nd1 Nf6 40. Nf2 Nd7 41. Rh1 Rg5 42. Rxh2 Rxf5 43. Rh3 Qg6 44. exf5 Qxf5 45. Be4 Qg5 46. Rfh1 Nf6 47. Bf3 Ncxd5 48. Ne4 Nxe4 49. Bxe4 Nf6 50. Kf3 d5 51. Rh6 dxe4+ 52. Kf2 Qg3+ 53. Ke2 Qxg2+ 54. Kd1 e3 55. Re1 Qd2# 0-1


[Site "https://www.chess.com"]

[Event "Titled Tuesday Blitz June 27 Early 2023"]
[White "Herzog2012"]
[Black "Aldokhin, Ivan"]
[BlackFideId "24115720"]
[WhiteElo "2468"]
[BlackElo "2600"]
[Result "1/2-1/2"]
[Round "9"]
[TimeControl "180+2"]
[Date "2023.06.27"]
[WhiteClock "0:00:04"]
[BlackClock "0:00:20"]
[Board "91"]

1. e4 c5 2. Nf3 e6 3. d4 cxd4 4. Nxd4 a6 5. Nc3 Qc7 6. Bd3 Nf6 7. Qe2 d6 8. f4 Nbd7 9. O-O b5 10. Kh1 Bb7 11. Bd2 h5 12. Rae1 h4 13. e5 dxe5 14. fxe5 h3 15. Ne4 Nxe5 16. Nxf6+ gxf6 17. Be4 hxg2+ 18. Qxg2 O-O-O 19. c3 Bd6 20. Bxb7+ Qxb7 21. Qxb7+ Kxb7 22. Rxf6 Rxh2+ 23. Kxh2 Ng4+ 24. Kg2 Nxf6 25. Rf1 Rg8+ 26. Kf3 Nd7 27. Ke2 Ne5 28. b3 Rg2+ 29. Kd1 Kc7 30. Bf4 Rxa2 31. Bxe5 Bxe5 32. Rxf7+ Kd6 33. Ne2 Kd5 34. Rd7+ Ke4 35. Rd2 Rxd2+ 36. Kxd2 a5 37. Kc2 a4 38. bxa4 bxa4 39. Nc1 Bd6 40. Nd3 e5 41. Nb2 a3 42. Nc4 Bc5 43. Kb3 Kd5 44. Nxa3 Bxa3 45. Kxa3 Kc4 46. Kb2 Kd3 47. c4 Kxc4 48. Kc2 Kd4 49. Kd2 Ke4 50. Ke2 Kf4 51. Kf2 Ke4 52. Ke2 Kd4 53. Kd2 Kc4 54. Ke3 Kd5 55. Kd3 e4+ 56. Ke3 Ke5 57. Ke2 Kd4 1/2-1/2


[Site "https://www.chess.com"]

[Event "Titled Tuesday Blitz June 27 Early 2023"]
[White "Lopez Gracia, Fernando"]
[Black "Ovchinnikov, Vsevolod"]
[WhiteFideId "2207184"]
[BlackFideId "24176842"]
[WhiteElo "2459"]
[BlackElo "2579"]
[Result "0-1"]
[Round "9"]
[TimeControl "180+2"]
[Date "2023.06.27"]
[WhiteClock "0:00:00"]
[BlackClock "0:00:08"]
[Board "92"]

1. c4 Nf6 2. Nc3 d5 3. cxd5 Nxd5 4. e4 Nb6 5. d4 g6 6. Be3 Bg7 7. Qd2 Nc6 8. O-O-O O-O 9. Be2 f5 10. e5 Nb4 11. Nh3 Be6 12. Kb1 Nc4 13. Bxc4 Bxc4 14. f4 Qd7 15. Nf2 Nd5 16. Nxd5 Bxd5 17. Rhg1 Qe6 18. b3 a5 19. Nd3 b6 20. Rc1 Rfc8 21. Ka1 Bf8 22. h3 c6 23. g4 Kh8 24. Bf2 Ra7 25. Nb2 Rb8 26. Nc4 a4 27. Kb2 axb3 28. axb3 Rba8 29. Ra1 Rxa1 30. Rxa1 Rxa1 31. Kxa1 Bxc4 32. bxc4 Qxc4 33. Qb2 b5 34. gxf5 gxf5 35. Bh4 Qf1+ 36. Qb1 Qxb1+ 37. Kxb1 e6 38. Kc2 Kg7 39. Kc3 Kf7 40. Bd8 c5 41. dxc5 Bxc5 42. Kd3 Ke8 43. Bc7 Kd7 44. Ba5 Kc6 45. Bc3 Kd5 46. Be1 h5 47. Bh4 b4 0-1


[Site "https://www.chess.com"]

[Event "Titled Tuesday Blitz June 27 Early 2023"]
[White "KorolDimitriy75"]
[Black "Yurovskykh, Oleksandr"]
[BlackFideId "14134020"]
[WhiteElo "2430"]
[BlackElo "2573"]
[Result "0-1"]
[Round "9"]
[TimeControl "180+2"]
[Date "2023.06.27"]
[WhiteClock "0:00:01"]
[BlackClock "0:00:16"]
[Board "93"]

1. d4 d5 2. c4 dxc4 3. Nf3 Nf6 4. Nc3 a6 5. e4 b5 6. e5 Nd5 7. a4 e6 8. axb5 Bb4 9. Bd2 Nb6 10. bxa6 Rxa6 11. Be2 O-O 12. O-O Rxa1 13. Qxa1 Nc6 14. Be3 Bb7 15. Rd1 Ne7 16. Qb1 Bxc3 17. bxc3 Ned5 18. Bd2 h6 19. Bxc4 Nxc4 20. Qxb7 Nxd2 21. Rxd2 Nxc3 22. Rc2 Nd5 23. h3 Qa8 24. Qxa8 Rxa8 25. g3 g5 26. Kg2 Kg7 27. Rb2 Ra3 28. Rc2 Rd3 29. Rb2 Kg6 30. Rc2 h5 31. Rc4 g4 32. hxg4 hxg4 33. Nh4+ Kg7 34. Kg1 Rd1+ 35. Kg2 Rd2 36. Kg1 Rd3 37. Ng2 Kg6 38. Nf4+ Nxf4 39. gxf4 Rf3 40. Rxc7 Rxf4 41. Rd7 Rf3 42. Kg2 Rd3 43. Kh2 f6 44. exf6 Kxf6 45. Kg2 Kg5 46. Rd6 Kf5 47. Kf1 Rd2 48. Ke1 Ra2 49. Kf1 Ra1+ 50. Kg2 Ra3 51. Kf1 Rd3 52. Ke2 Rb3 53. Kf1 Rb5 54. Ke2 Rd5 55. Rxd5+ exd5 56. Ke3 Kg5 57. f3 g3 58. f4+ Kg4 59. f5 Kxf5 60. Kf3 g2 61. Kxg2 Ke4 62. Kf2 Kxd4 63. Ke2 Kc3 64. Kd1 Kd3 65. Ke1 Kc2 66. Ke2 d4 0-1


[Site "https://www.chess.com"]

[Event "Titled Tuesday Blitz June 27 Early 2023"]
[White "Pandey Srishti"]
[Black "Gontcharov, Vladislav"]
[WhiteFideId "35093290"]
[BlackFideId "4123492"]
[WhiteElo "2445"]
[BlackElo "2561"]
[Result "0-1"]
[Round "9"]
[TimeControl "180+2"]
[Date "2023.06.27"]
[WhiteClock "0:00:22"]
[BlackClock "0:00:59"]
[Board "94"]

1. e4 e6 2. d4 d5 3. Nc3 Bb4 4. e5 c5 5. a3 Bxc3+ 6. bxc3 Ne7 7. Qg4 O-O 8. Bd3 Nbc6 9. Ne2 c4 10. Bh6 g6 11. Bxf8 Qxf8 12. h4 cxd3 13. cxd3 f5 14. exf6 Qxf6 15. Qg5 Qxg5 16. hxg5 e5 17. dxe5 Nxe5 18. Kd2 Bf5 19. Nf4 Rf8 20. Ke3 Bd7 21. Nxd5 Nxd5+ 22. Kd4 Bc6 23. Kxe5 Nxc3 24. f3 Rf5+ 25. Kd4 Nb5+ 26. Ke3 Rxg5 27. a4 Nc7 28. g4 Re5+ 29. Kf2 Re7 30. Rhe1 Rf7 31. Re3 Nd5 32. Re5 Nb4 0-1


[Site "https://www.chess.com"]

[Event "Titled Tuesday Blitz June 27 Early 2023"]
[White "Domingo Nunez, Ruben"]
[Black "Rom, Jasper"]
[WhiteFideId "22245570"]
[BlackFideId "2023733"]
[WhiteElo "2558"]
[BlackElo "2424"]
[Result "0-1"]
[Round "9"]
[TimeControl "180+2"]
[Date "2023.06.27"]
[WhiteClock "0:00:29"]
[BlackClock "0:00:04"]
[Board "95"]

1. g4 d5 2. Bg2 c6 3. h3 h5 4. g5 h4 5. c4 e6 6. d3 Be7 7. Nf3 Nd7 8. Nc3 f6 9. gxf6 Bxf6 10. Qc2 Ne7 11. e4 d4 12. Ne2 e5 13. Nh2 Nc5 14. b4 Ne6 15. f4 exf4 16. Nxf4 Be5 17. Nxe6 Bg3+ 18. Kd1 Bxe6 19. Nf3 b6 20. Bg5 Qd7 21. Kc1 a5 22. bxa5 Rxa5 23. Qb2 Rxg5 24. Nxg5 Bf4+ 25. Kc2 Bxg5 26. Qxb6 O-O 27. Raf1 Ra8 28. Ra1 Ng6 29. e5 Rc8 30. a4 Nf4 31. Be4 Bf5 32. Rhe1 Bxe4 33. Rxe4 Qxh3 34. Rxd4 Qg2+ 35. Kb3 Qd2 36. Qb7 Rf8 37. a5 Ne2 38. Re4 Qc3+ 39. Ka2 Qc2+ 40. Ka3 Qxd3+ 41. Kb4 Qxe4 42. a6 Bd2+ 43. Kc5 Be3+ 44. Kb4 c5+ 45. Kb5 Nc3+ 46. Kb6 Qxe5 47. a7 Qe6+ 48. Ka5 Qxc4 49. a8=Q Rxa8+ 50. Qxa8+ Kh7 51. Kb6 Qb4+ 52. Kc6 c4 53. Qe8 Qc5+ 54. Kb7 Qd5+ 55. Kc8 Qc5+ 56. Kb7 Qd5+ 57. Kc8 Ne4 58. Kb8 Nd6 59. Qd7 Qc5 60. Ra6 Qb5+ 61. Qxb5 Nxb5 62. Ra5 Nd4 63. Rh5+ Kg6 64. Rxh4 Nf5 65. Rg4+ Kf6 66. Rxc4 g5 67. Kc7 Ke5 68. Kd7 Bd4 69. Rc1 g4 70. Re1+ Kf4 71. Ke6 g3 72. Kd5 Bf2 73. Rf1 Ne3+ 0-1


[Site "https://www.chess.com"]

[Event "Titled Tuesday Blitz June 27 Early 2023"]
[White "Skliarov, Viktor"]
[Black "Ai, Evan"]
[WhiteFideId "14106736"]
[BlackFideId "2094770"]
[WhiteElo "2556"]
[BlackElo "2422"]
[Result "0-1"]
[Round "9"]
[TimeControl "180+2"]
[Date "2023.06.27"]
[WhiteClock "0:00:17"]
[BlackClock "0:00:08"]
[Board "96"]

1. e4 e5 2. Nc3 Nf6 3. Bc4 Bc5 4. d3 d6 5. h3 h6 6. Nge2 c6 7. Ng3 b5 8. Bb3 a5 9. a4 b4 10. Nce2 h5 11. d4 exd4 12. Nxd4 Qb6 13. Be3 h4 14. Ngf5 g6 15. Nxd6+ Bxd6 16. Nb5 Bc5 17. Bxc5 Qxc5 18. Nc7+ Ke7 19. Nxa8 Rd8 20. Qf3 Bb7 21. Nc7 Qe5 22. O-O Qxc7 23. e5 Nd5 24. Qg4 Nd7 25. Qxh4+ Ke8 26. Bxd5 cxd5 27. e6 fxe6 28. Rfe1 Nf8 29. Rac1 Qe7 30. Qg3 Qd6 31. Qe3 d4 32. Qg5 Qd5 33. Re5 Qd6 34. Rxa5 Bd5 35. Ra7 Rd7 36. Ra8+ Bxa8 37. Re1 Bd5 38. b3 Rc7 39. Qf6 Rxc2 40. Qxd4 Rc3 41. a5 Rxb3 42. Qf6 Ra3 43. Rc1 Qd7 44. Rb1 b3 45. Qc3 Qc6 46. Qb4 Ra2 47. Qb8+ Kf7 48. a6 Nd7 49. Qf4+ Ke8 50. Qg5 Qxa6 51. Qxg6+ Kd8 52. Kh2 Qd6+ 53. g3 Ne5 54. Qg8+ Ke7 55. Qg7+ Nf7 56. h4 Rxf2+ 57. Kg1 Rg2+ 58. Kf1 Qa6+ 59. Ke1 Qe2# 0-1


[Site "https://www.chess.com"]

[Event "Titled Tuesday Blitz June 27 Early 2023"]
[White "Alinasab, Mobina"]
[Black "Kopczynski, Michal"]
[WhiteFideId "12528897"]
[BlackFideId "1124200"]
[WhiteElo "2546"]
[BlackElo "2417"]
[Result "0-1"]
[Round "9"]
[TimeControl "180+2"]
[Date "2023.06.27"]
[WhiteClock "0:00:53"]
[BlackClock "0:00:43"]
[Board "97"]

1. e4 c5 2. Nf3 d6 3. d4 cxd4 4. Nxd4 Nf6 5. Nc3 g6 6. Be3 Bg7 7. f3 O-O 8. Qd2 Nc6 9. Be2 Bd7 10. O-O Qa5 11. Rfd1 Rfc8 12. a4 Qh5 13. Nxc6 bxc6 14. a5 c5 15. h3 Bxh3 16. gxh3 Qxh3 17. Bf1 Qxf3 18. Bg2 Qg4 19. Qe2 Rab8 20. Rab1 Qxe2 21. Nxe2 Ng4 22. Bc1 Ne5 23. b3 c4 24. Be3 cxb3 25. cxb3 Rc2 26. Bxa7 Ra8 27. Nd4 Rxg2+ 28. Kxg2 Rxa7 29. b4 Nc4 30. Kf3 Bxd4 31. Rxd4 Nxa5 32. bxa5 Rxa5 33. Rb7 Re5 34. Ra4 Kg7 35. Rd4 Kf6 36. Kf4 Ra5 37. Rd5 Ra4 38. Rdb5 h5 39. Rc7 Ra3 40. Rc4 e5+ 0-1


[Site "https://www.chess.com"]

[Event "Titled Tuesday Blitz June 27 Early 2023"]
[White "Perez, Maximiliano"]
[Black "Dinu, Dumitru-Daniel"]
[WhiteFideId "117234"]
[BlackFideId "1208403"]
[WhiteElo "2543"]
[BlackElo "2414"]
[Result "0-1"]
[Round "9"]
[TimeControl "180+2"]
[Date "2023.06.27"]
[WhiteClock "0:00:02"]
[BlackClock "0:00:01"]
[Board "98"]

1. e4 c5 2. Nf3 Nc6 3. d4 cxd4 4. Nxd4 Nf6 5. Nc3 e5 6. Ndb5 d6 7. Nd5 Nxd5 8. exd5 Nb8 9. a4 Be7 10. Be2 O-O 11. O-O f5 12. a5 a6 13. Nc3 Nd7 14. b4 Bf6 15. Ra3 e4 16. Bf4 Ne5 17. Na4 Ng6 18. Bc1 f4 19. Nb6 Rb8 20. f3 e3 21. c4 Be5 22. c5 Bf5 23. c6 bxc6 24. dxc6 Rxb6 25. axb6 Qxb6 26. Rxa6 Qxb4 27. Ba3 Qc3 28. Bxd6 Rc8 29. Qd5+ Kh8 30. Bxe5 Nxe5 31. Ra5 Bd3 32. Rc5 Qd2 33. c7 h5 34. Qd8+ Kh7 35. Rxe5 Qxe2 36. Rxh5+ Kg6 37. Rg5+ Kh6 38. Ra1 Qf2+ 39. Kh1 e2 40. Qd6+ Kxg5 41. Qe5+ Bf5 42. Rg1 Rxc7 43. g3 Qxf3+ 44. Rg2 Rc1# 0-1


[Site "https://www.chess.com"]

[Event "Titled Tuesday Blitz June 27 Early 2023"]
[White "Golubev, Mikhail"]
[Black "Topalov, Aleksandar"]
[WhiteFideId "14100983"]
[BlackFideId "925659"]
[WhiteElo "2539"]
[BlackElo "2408"]
[Result "1-0"]
[Round "9"]
[TimeControl "180+2"]
[Date "2023.06.27"]
[WhiteClock "0:00:32"]
[BlackClock "0:01:37"]
[Board "99"]

1. e4 e6 2. d4 d5 3. Nc3 Bb4 4. e5 Qd7 5. a3 Bxc3+ 6. bxc3 b6 7. Qg4 f5 8. Qg3 Qf7 9. Nh3 h6 10. Nf4 Ne7 11. h4 Ba6 12. Bd3 Bxd3 13. cxd3 Nbc6 14. a4 O-O-O 15. Ba3 g5 16. hxg5 hxg5 17. Rxh8 Rxh8 18. Nh3 g4 19. Ng1 Rh1 20. O-O-O Ng6 21. Ne2 Rxd1+ 22. Kxd1 Na5 23. Bb4 Qd7 24. Bxa5 Qxa4+ 25. Kd2 Qxa5 26. Qh2 Qb5 27. Qh5 Qe8 28. Nf4 Qh8 29. Qxg6 Qh2 30. Qxe6+ Kb8 31. Qg8+ Kb7 32. Qxd5+ Ka6 33. Ke3 g3 34. Ne6 c6 35. Qxc6 Qh6+ 36. f4 1-0


[Site "https://www.chess.com"]

[Event "Titled Tuesday Blitz June 27 Early 2023"]
[White "Rodchenkov, Sergey D."]
[Black "Hoffmann, Asa"]
[WhiteFideId "4168712"]
[BlackFideId "2001470"]
[WhiteElo "2535"]
[BlackElo "2404"]
[Result "0-1"]
[Round "9"]
[TimeControl "180+2"]
[Date "2023.06.27"]
[WhiteClock "0:00:19"]
[BlackClock "0:00:23"]
[Board "100"]

1. e4 d6 2. d4 Nf6 3. Nc3 c6 4. f4 Qa5 5. Bd3 e5 6. Ne2 Bg4 7. Be3 Nbd7 8. O-O Be7 9. h3 Bxe2 10. Nxe2 O-O 11. c3 Qc7 12. Ng3 Rfe8 13. Qf3 Bf8 14. Rae1 b5 15. h4 g6 16. h5 Bg7 17. f5 gxh5 18. Nxh5 Nxh5 19. Qxh5 Nf6 20. Qh4 Kh8 21. Bg5 Ng8 22. f6 Bf8 23. Rf3 h6 24. Rh3 Qd7 25. d5 a6 26. Kf2 cxd5 27. exd5 e4 28. Bxe4 Re5 29. Bxh6 Bxh6 30. Qxh6+ Nxh6 31. Rxh6+ Kg8 32. Reh1 Rf5+ 33. Kg1 Qa7+ 34. Kh2 Qe3 35. Bxf5 Qxh6+ 36. Kg1 Qxf6 0-1


[Site "https://www.chess.com"]

[Event "Titled Tuesday Blitz June 27 Early 2023"]
[White "Tologon tegin, Semetei"]
[Black "Pinto, Daniel"]
[WhiteFideId "13800574"]
[BlackFideId "3303144"]
[WhiteElo "2531"]
[BlackElo "2403"]
[Result "1-0"]
[Round "9"]
[TimeControl "180+2"]
[Date "2023.06.27"]
[WhiteClock "0:01:58"]
[BlackClock "0:00:44"]
[Board "101"]

1. g3 Nf6 2. Bg2 g6 3. e4 d6 4. d4 Bg7 5. Ne2 O-O 6. O-O e5 7. h3 Nc6 8. Be3 Re8 9. Nbc3 exd4 10. Nxd4 Ne5 11. b3 c6 12. f4 Ned7 13. Re1 Qc7 14. Qd2 Nc5 15. Bf2 Bh6 16. Rad1 Nh5 17. Nde2 Nf6 18. e5 dxe5 19. Bxc5 exf4 20. Nxf4 Bf5 21. Kh2 Rad8 22. Qf2 b6 23. Rxd8 Rxd8 24. Be7 Re8 25. Bxf6 Rd8 26. Bxd8 1-0


[Site "https://www.chess.com"]

[Event "Titled Tuesday Blitz June 27 Early 2023"]
[White "Shubenkova, Veronika"]
[Black "Fernandez Siles, Luis"]
[WhiteFideId "44124040"]
[BlackFideId "2209420"]
[WhiteElo "2500"]
[BlackElo "2372"]
[Result "1-0"]
[Round "9"]
[TimeControl "180+2"]
[Date "2023.06.27"]
[WhiteClock "0:02:14"]
[BlackClock "0:00:44"]
[Board "102"]

1. e4 c5 2. Nc3 Nc6 3. g3 g6 4. Bg2 Bg7 5. d3 e6 6. f4 d5 7. exd5 exd5 8. Nxd5 Nh6 9. Ne2 O-O 10. O-O Re8 11. c4 Bg4 12. Bf3 Bh3 13. Rf2 Ng4 14. Bxg4 Bxg4 15. Be3 Bxb2 16. Rb1 Bd4 17. Qd2 Bxe3 18. Nxe3 Nb4 19. Nxg4 Nxd3 20. Rg2 Qd7 21. Nf6+ 1-0


[Site "https://www.chess.com"]

[Event "Titled Tuesday Blitz June 27 Early 2023"]
[White "Bueno, Alfeu Junior Varela"]
[Black "Shuvalov, Evgenij"]
[WhiteFideId "2108879"]
[BlackFideId "4187237"]
[WhiteElo "2326"]
[BlackElo "2499"]
[Result "0-1"]
[Round "9"]
[TimeControl "180+2"]
[Date "2023.06.27"]
[WhiteClock "0:00:00"]
[BlackClock "0:00:53"]
[Board "103"]

1. e4 e6 2. d4 d5 3. Nd2 c5 4. exd5 exd5 5. Bb5+ Nc6 6. Ngf3 Qe7+ 7. Qe2 Qxe2+ 8. Bxe2 Bf5 9. c3 cxd4 10. Nxd4 Nxd4 11. cxd4 Bd6 12. Bb5+ Kd8 13. O-O Ne7 14. Nf3 f6 15. h3 Rc8 16. Ba4 Bc2 17. Bb5 a6 18. Be2 Re8 19. Bd2 Nf5 20. Rfe1 Be4 21. Bc3 Bf4 22. g4 Nd6 23. Nd2 Kd7 24. Nf1 Nc4 25. f3 Bg6 26. Kf2 h5 27. Bxc4 dxc4 28. Ne3 h4 29. Nf1 Bd3 30. Bd2 Bd6 31. f4 Bxf1 32. Kxf1 Kc6 33. Kf2 Kd5 34. Be3 Re4 35. Kf3 Rce8 36. Rad1 Bxf4 37. Bf2 Rxe1 0-1


[Site "https://www.chess.com"]

[Event "Titled Tuesday Blitz June 27 Early 2023"]
[White "Estrada Nieto, Julian"]
[Black "Mikhaylova, Irina"]
[WhiteFideId "5101018"]
[BlackFideId "4109040"]
[WhiteElo "2498"]
[BlackElo "2318"]
[Result "0-1"]
[Round "9"]
[TimeControl "180+2"]
[Date "2023.06.27"]
[WhiteClock "0:00:38"]
[BlackClock "0:00:15"]
[Board "104"]

1. e4 c5 2. Nf3 Nc6 3. Bb5 e6 4. O-O Nge7 5. Re1 Ng6 6. c3 Be7 7. d4 cxd4 8. cxd4 d5 9. e5 O-O 10. Nc3 Bd7 11. Bd3 Rc8 12. a3 Na5 13. g3 Re8 14. h4 Nf8 15. Ng5 h6 16. Nh3 f5 17. exf6 Bxf6 18. Bc2 Qb6 19. Ne2 Bb5 20. Nhf4 Bxe2 21. Nxe2 Qd6 22. Rb1 e5 23. dxe5 Bxe5 24. Be3 Nc4 25. Bd4 Qf6 26. Kg2 Ne6 27. Bxe5 Nxe5 28. Nc3 d4 29. Ne4 Qf8 30. Bd3 Nxd3 31. Qxd3 Nc5 32. Nxc5 Qxc5 33. Rbd1 Qd5+ 34. Qf3 Qxf3+ 35. Kxf3 Rxe1 36. Rxe1 Rc2 37. Rb1 d3 38. Ke3 d2 39. b3 Rc1 40. Kxd2 Rxb1 41. Kc2 Rf1 42. f4 Rf3 43. b4 Kf7 44. a4 a6 45. Kb2 Ke6 46. a5 Kd5 47. f5 Kc4 48. g4 Rf4 49. g5 hxg5 50. hxg5 Rxf5 51. g6 Rg5 52. Kc2 Rxg6 53. Kd2 Rg3 54. Ke2 Rb3 55. Kf2 Kxb4 0-1


[Site "https://www.chess.com"]

[Event "Titled Tuesday Blitz June 27 Early 2023"]
[White "Erzhanov, Arman"]
[Black "Ruge, Edison"]
[WhiteFideId "4138821"]
[BlackFideId "4401000"]
[WhiteElo "2491"]
[BlackElo "2229"]
[Result "1/2-1/2"]
[Round "9"]
[TimeControl "180+2"]
[Date "2023.06.27"]
[WhiteClock "0:00:20"]
[BlackClock "0:00:12"]
[Board "105"]

1. e4 e5 2. Nf3 Nc6 3. Bb5 f5 4. d3 fxe4 5. dxe4 Nf6 6. Nc3 Bb4 7. Qd3 Qe7 8. O-O Bxc3 9. bxc3 d6 10. Nh4 Be6 11. Nf5 Qf7 12. f4 O-O 13. Bxc6 bxc6 14. fxe5 dxe5 15. Qg3 Kh8 16. Qh4 Nxe4 17. Qxe4 Bxf5 18. Qxe5 Qg6 19. Ba3 Rae8 20. Qxc7 Re2 21. Qg3 Rfe8 22. Qxg6 hxg6 23. Bc5 Rxc2 24. Bxa7 Rxc3 25. Rfe1 Rxe1+ 26. Rxe1 Ra3 27. Bd4 Rxa2 28. Re7 Kh7 29. Rxg7+ Kh6 30. Re7 g5 31. h3 Kg6 32. g4 Bd3 33. Re6+ Kf7 34. Rxc6 Be4 35. Rf6+ Ke7 36. Rf2 Rxf2 37. Kxf2 Kf7 38. Ke3 Bg2 39. Kf2 Bxh3 40. Kg3 Bxg4 41. Kxg4 Kg6 42. Bc3 Kf7 43. Bb4 Kg8 44. Ba5 Kh7 45. Bd8 Kg8 46. Bc7 Kf7 47. Bg3 Kg8 48. Kf5 Kf7 49. Kxg5 1/2-1/2


[Site "https://www.chess.com"]

[Event "Titled Tuesday Blitz June 27 Early 2023"]
[White "EdmundPlayer"]
[Black "Matyukov, Petr"]
[BlackFideId "4103688"]
[WhiteElo "2296"]
[BlackElo "2489"]
[Result "1-0"]
[Round "9"]
[TimeControl "180+2"]
[Date "2023.06.27"]
[WhiteClock "0:00:08"]
[BlackClock "0:00:06"]
[Board "106"]

1. e4 c5 2. Nf3 Nc6 3. Bb5 g6 4. Bxc6 bxc6 5. d4 cxd4 6. Qxd4 Nf6 7. e5 Nh5 8. c4 Ng7 9. Nc3 Ne6 10. Qe4 Bg7 11. h4 h5 12. Ng5 Nxg5 13. Bxg5 Qb6 14. Rb1 Qc5 15. Bf4 Ba6 16. b3 Qb4 17. Bd2 Qc5 18. Bf4 d5 19. Qe2 dxc4 20. Na4 Qa5+ 21. Bd2 Qxe5 22. bxc4 Qxe2+ 23. Kxe2 Bxc4+ 24. Ke1 O-O 25. Rc1 Bd5 26. Rg1 Bf6 27. g4 hxg4 28. Rxg4 Be6 29. Rf4 Bxa2 30. h5 g5 31. Rg4 Bd5 32. Bxg5 Bxg5 33. Rxg5+ Kh7 34. Re5 e6 35. Nc5 Rg8 36. Nd7 Rg1+ 37. Kd2 Rxc1 38. Kxc1 Rd8 39. Nf6+ Kh6 40. Ng4+ Kg7 41. h6+ Kh7 42. Rh5 Bf3 43. Nf6+ Kg6 44. Rh3 Kxf6 45. Rxf3+ Kg6 46. h7 Kxh7 47. Rxf7+ Kg6 48. Rxa7 Rd6 49. Rc7 Kf5 50. Kc2 Kf4 51. Rf7+ Ke4 52. Rf6 Ke5 53. Rf7 Rd4 54. Kc3 Rf4 55. Rc7 Kd6 56. Rc8 Rf3+ 57. Kd2 Rxf2+ 58. Ke3 Rf5 59. Rd8+ Kc5 60. Ra8 Rd5 61. Ra6 e5 62. Ra7 Kc4 63. Rh7 c5 64. Ke2 Rd4 65. Rh1 Kd5 66. Rc1 c4 67. Ra1 Ke4 68. Ra8 Rd3 69. Rc8 Kd4 70. Rd8+ Ke4 71. Re8 Rd4 72. Rc8 Kd5 73. Rc7 Kd6 74. Rc8 e4 75. Ke3 Ke5 76. Re8+ Kd5 77. Rd8+ Kc5 78. Rxd4 c3 79. Rd8 Kb4 80. Kxe4 c2 81. Rc8 Kb3 82. Kd3 Kb2 83. Kd2 Kb1 84. Rxc2 Ka1 85. Kc3 Kb1 86. Kb3 Ka1 87. Rc1# 1-0


[Site "https://www.chess.com"]

[Event "Titled Tuesday Blitz June 27 Early 2023"]
[White "Czerw, Dawid"]
[Black "le-castor-faineant"]
[WhiteFideId "1145746"]
[WhiteElo "2484"]
[BlackElo "2169"]
[Result "1/2-1/2"]
[Round "9"]
[TimeControl "180+2"]
[Date "2023.06.27"]
[WhiteClock "0:00:06"]
[BlackClock "0:00:08"]
[Board "107"]

1. e4 e5 2. Nf3 Nf6 3. Nxe5 d6 4. Nf3 Nxe4 5. c4 c6 6. Nc3 Nxc3 7. dxc3 Be7 8. Bd3 O-O 9. Qc2 h6 10. Be3 d5 11. O-O-O Bg4 12. h3 Be6 13. Nd4 Nd7 14. f4 dxc4 15. Nxe6 cxd3 16. Nxd8 dxc2 17. Rxd7 Bxd8 18. Rxb7 Bb6 19. Bxb6 axb6 20. Rxb6 Rxa2 21. Kxc2 Rc8 22. Rd1 Ra4 23. g3 Re4 24. Rb7 Re3 25. Rd3 Re2+ 26. Kb3 c5 27. Kc4 Rg2 28. h4 h5 29. Rdd7 Rxg3 30. Rxf7 Rg4 31. Rf5 Rxh4 32. Rb5 g6 33. Rf6 Kg7 34. Rbb6 Rg4 35. Kb5 h4 36. f5 gxf5 37. Rxf5 Rg6 38. Rb7+ Kh6 39. Rff7 Kg5 40. Rbd7 h3 41. Rd5+ Kg4 42. Rh7 Rcc6 43. Rdh5 Rb6+ 44. Kc4 Rxb2 45. Rh4+ Kf5 46. R7h5+ Ke6 47. Rxh3 Kd6 48. Rd3+ Kc6 49. Rxc5+ Kb6 50. Rc8 Rc6+ 51. Rxc6+ Kxc6 52. Rh3 Rg2 53. Rh6+ Kc7 54. Kb5 Rg5+ 55. Kb4 Kb7 56. c4 Kc7 57. Rh7+ Kc6 58. Ra7 Kb6 59. Rd7 Kc6 60. Rf7 Rh5 61. Rf6+ Kc7 62. c5 Rh1 63. Kc4 Rc1+ 64. Kd5 Rd1+ 65. Kc4 Rc1+ 66. Kb4 Rb1+ 67. Ka5 Ra1+ 68. Kb5 Rb1+ 69. Ka4 Ra1+ 70. Kb3 Rc1 71. Rf5 Kc6 72. Kb4 Rb1+ 73. Kc4 Rc1+ 74. Kd4 Rd1+ 75. Kc3 Rc1+ 76. Kd4 Rd1+ 77. Ke3 Rc1 78. Kd2 Rxc5 79. Rxc5+ Kxc5 1/2-1/2


[Site "https://www.chess.com"]

[Event "Titled Tuesday Blitz June 27 Early 2023"]
[White "Luxama, Jacques Muller"]
[Black "Ashraf, Artin"]
[WhiteFideId "11900113"]
[BlackFideId "22514805"]
[WhiteElo "2221"]
[BlackElo "2635"]
[Result "0-1"]
[Round "9"]
[TimeControl "180+2"]
[Date "2023.06.27"]
[WhiteClock "0:00:00"]
[BlackClock "0:01:07"]
[Board "108"]

1. e4 c5 2. Nf3 d6 3. Bb5+ Nd7 4. O-O a6 5. Be2 e6 6. Re1 b5 7. a4 b4 8. d4 Bb7 9. Bf1 cxd4 10. Nxd4 Ngf6 11. Nd2 Be7 12. Bd3 O-O 13. Nc4 Nc5 14. Qf3 Ncxe4 15. Bxe4 Bxe4 16. Rxe4 Nxe4 17. Qxe4 d5 18. Qg4 dxc4 19. Be3 Bf6 20. Rd1 Qd5 21. c3 Rfd8 22. Re1 bxc3 23. bxc3 Rab8 24. h4 h5 25. Qg3 Qe4 26. Nf3 Rb1 27. Rxb1 Qxb1+ 28. Kh2 Rd1 29. Qc7 Rh1+ 30. Kg3 Qe4 31. Qb8+ Kh7 32. Qf4 Qxf4+ 33. Kxf4 Bxc3 34. Ke4 Bf6 35. g3 c3 36. Kd3 Ra1 37. Bd4 Rxa4 38. Bxf6 gxf6 39. Kxc3 Ra3+ 40. Kd4 Rxf3 0-1


[Site "https://www.chess.com"]

[Event "Titled Tuesday Blitz June 27 Early 2023"]
[White "Bilan, Danila"]
[Black "Mayaud, Raphael"]
[WhiteFideId "24161918"]
[BlackFideId "627151"]
[WhiteElo "2518"]
[BlackElo "2340"]
[Result "0-1"]
[Round "9"]
[TimeControl "180+2"]
[Date "2023.06.27"]
[WhiteClock "0:00:11"]
[BlackClock "0:00:41"]
[Board "109"]

1. d4 Nf6 2. Nf3 d5 3. c4 c6 4. Nc3 e6 5. Bg5 h6 6. Bh4 dxc4 7. e4 g5 8. Bg3 b5 9. h4 g4 10. Ne5 Nbd7 11. Nxg4 Rg8 12. Nxf6+ Nxf6 13. a3 Bb7 14. Be2 Qb6 15. e5 Nd5 16. Ne4 O-O-O 17. O-O c5 18. Nxc5 Bxc5 19. dxc5 Qxc5 20. Qc1 Rxg3 21. Qxh6 Rdg8 0-1


[Site "https://www.chess.com"]

[Event "Titled Tuesday Blitz June 27 Early 2023"]
[White "Gomes, Luiz Alexandre de Souza"]
[Black "Kuzmin, Roman"]
[WhiteFideId "2102790"]
[BlackFideId "44134932"]
[WhiteElo "2338"]
[BlackElo "2516"]
[Result "0-1"]
[Round "9"]
[TimeControl "180+2"]
[Date "2023.06.27"]
[WhiteClock "0:01:18"]
[BlackClock "0:00:59"]
[Board "110"]

1. e4 c5 2. Nf3 d6 3. d4 cxd4 4. Nxd4 Nf6 5. Nc3 a6 6. Rg1 b5 7. a3 Bb7 8. Bd3 Nbd7 9. g4 h6 10. h4 g6 11. Be3 Nc5 12. f3 Bg7 13. Qd2 Nfd7 14. O-O-O Rc8 15. Kb1 Nb6 16. h5 Nc4 17. Bxc4 bxc4 18. hxg6 fxg6 19. Qe2 e5 20. Qxc4 exd4 21. Bxd4 Bxd4 22. Qxd4 O-O 23. Qxd6 Qxd6 24. Rxd6 Rc6 25. Rgd1 Rxf3 26. Rxc6 Bxc6 27. Rd6 Be8 28. Nd5 Nxe4 29. Rxa6 Bf7 30. Ne7+ Kf8 31. Nc6 Rf1# 0-1


[Site "https://www.chess.com"]